 Dungeon Crawl Stone Soup version 0.28.0-49-g6dfe1f597d (webtiles) character file.

Game seed: 16568577541709478901

11 Zeld the Insei (level 2, -3/18 HPs)
             Began as an Octopode Transmuter on May 11, 2022.
             Slain by a gnoll
             ... wielding a +0 halberd
              (12 damage)
             ... on level 2 of the Dungeon.
             The game lasted 00:00:52 (1180 turns).

Zeld the Insei (Octopode Transmuter)                Turns: 1180, Time: 00:00:52

Health: -3/18      AC:  1    Str:  9    XL:     2   Next: 25%
Magic:  5/5        EV: 13    Int: 15    God:
Gold:   51         SH:  0    Dex: 12    Spells: 4/5 levels left

rFire   . . .      SeeInvis .     - Unarmed
rCold   + . .      Faith    .   (no shield)
rNeg    . . .      Spirit   .   (helmet restricted)
rPois   .          Reflect  .   (no amulet)
rElec   .          Harm     .   b - ring of protection from cold
rCorr   .          Rampage  .   (no ring)
Will    .....                   (no ring)
Stlth   ++........              (no ring)
HPRegen 0.06/turn               (no ring)
MPRegen 0.09/turn               (no ring)
                                (no ring)
                                (no ring)

@: no status effects
A: almost no armour, amphibious, 8 rings, camouflage 1, gelatinous body 1,
(nimble swimmer 1), tentacles
a: no special abilities


You were on level 2 of the Dungeon.
You visited 1 branch of the dungeon, and saw 2 of its levels.

You collected 51 gold pieces.

Inventory:

Jewellery
 b - a ring of protection from cold (left tentacle)
Scrolls
 a - a scroll of teleportation {unknown}


   Skills:
 * Level 1.3 Fighting
 + Level 2.1 Dodging
 + Level 0.1 Stealth
 + Level 3.0 Unarmed Combat
 * Level 2.1 Spellcasting
 * Level 2.0 Transmutations
 + Level 0.5 Ice Magic
 + Level 0.6 Poison Magic


You had 4 spell levels left.
You knew the following spells:

 Your Spells              Type           Power      Damage    Failure   Level
a - Beastly Appendage     Tmut           14%        N/A       10%         1

Your spell library contained the following spells:

 Spells                   Type           Power      Damage    Failure   Level
 Wereblood                Tmut           7%         N/A       14%         2
 Spider Form              Tmut/Pois      5%         N/A       36%         3
 Ice Form                 Ice/Tmut       5%         N/A       77%         4
 Cause Fear               Hex            0%         N/A       91%         4
 Dragon Form              Tmut           3%         N/A       100%        7
 Dragon's Call            Summ           0%         N/A       100%        9


Dungeon Overview and Level Annotations

Branches:
Dungeon (2/15)

Altars:


Innate Abilities, Weirdness & Mutations

You cannot wear most types of armour.
You are amphibious.
You can wear up to eight rings at the same time.
Your skin changes colour to match your surroundings (Stealth+).
Your rubbery body absorbs attacks. (AC +1, EV +1)
((You are camouflaged when in or above water. (Stealth+)))
You have tentacles for arms and can constrict up to eight enemies at once.


Message History

The hobgoblin hits you.
There is a stone staircase leading up here.
The hobgoblin barely misses you.
The gnoll hits you from afar with a +0 spear.
The hobgoblin hits you. The goblin barely misses you.
You climb upwards.
There is a stone staircase leading down here.
You are too injured to fight recklessly!
You are too injured to fight recklessly!
You are too injured to fight recklessly!
You are too injured to fight recklessly!
You closely miss the hobgoblin. You grab the hobgoblin.
You squeeze the hobgoblin.
You kill the hobgoblin!
Your tentacle spike disappears.
The goblin misses you.
You closely miss the goblin. Your grab misses the goblin.
You squeeze the goblin.
You kill the goblin!
You see here a +0 club.
You start resting.
You start resting.
HP restored.
Done exploring.
Done exploring.
Done exploring.
There is an escape hatch in the floor here.
Done exploring.
Done exploring.
There is a stone staircase leading down here.
You climb downwards.
The endoplasm hits you. The kobold closely misses you.
The endoplasm freezes you.
You are frozen.
You resist. The gnoll completely misses you.
The gnoll hits you from afar with a +0 spear!
There is a stone staircase leading up here.
There are monsters nearby!
The kobold hits you but does no damage. The endoplasm misses you.
The gnoll hits you from afar with a +0 halberd!
Ouch! That really hurt!
You die...

... ###... ..$
.....####
...#........
...........
#.#........
#####.#........
...............
.....g.@.......
.....gJ.K......
.....g†........
.......#+######
..g.... .......
....... .......
!......


You could see 4 gnolls, an endoplasm and a kobold.

Vanquished Creatures
  A bat (D:2)
  A goblin (D:1)
  2 hobgoblins (D:1)
  4 ball pythons (D:1)
  A kobold (D:1)
  2 rats (D:1)
11 creatures vanquished.

Notes
Turn   | Place    | Note
-------+----------+-------------------------------------------
     0 | D:1      | Zeld the Octopode Transmuter began the quest for the Orb.
     0 | D:1      | Reached XP level 1. HP: 13/13 MP: 3/3
   163 | D:1      | Found a faded altar of an unknown god.
   787 | D:1      | Reached XP level 2. HP: 17/18 MP: 3/5
  1180 | D:2      | Slain by a gnoll

Illustrated notes

Levels and vault maps discovered:
D:1:      sevenhm_arrival_forest_fort_small_5, layout_rooms,
          ebering_ecumenical_altar_mist, minmay_tree_intersection,
          hangedman_decor_diamond_cutter, minmay_misc_feat_nine_boxes,
          kennysheep_decorative_pillar, chequers_serial_rivers_micro_a,
          grunt_decor_cap, minmay_misc_feat_diagonals, palyth_stone_intersect,
          serial_bayou_pond_e, minmay_misc_feat_columns
D:2:      layout_basic

Action                   || total
-------------------------++-------
Melee: Unarmed           ||    22
       Constrict         ||     7
       Kick              ||     6
       Tentacles         ||     3
 Cast: Beastly Appendage ||     6
 Stab: Sleeping          ||     3
Armor: Skin              ||     2
Dodge: Dodged            ||    20
